 Dungeon Crawl Stone Soup version 0.22-a0-750-ga7dcef7 (webtiles) character file.

678 inmateoo the Insei (level 7, -1/35 HPs)
             Began as a Vine Stalker Ice Elementalist on July 15, 2018.
             Slain by a yak (10 damage)
             ... on level 4 of the Dungeon.
             The game lasted 00:07:53 (4578 turns).

inmateoo the Insei (Vine Stalker Ice Elementalist)  Turns: 4578, Time: 00:07:54

Health: -1/35      AC:  6    Str: 13    XL:     7   Next: 60%
Magic:  0/11       EV:  9    Int: 15    God:
Gold:   224        SH:  0    Dex: 14    Spells: 9/10 levels left

rFire    . . .     SeeInvis .     - Unarmed
rCold    . . .     Gourm    .   (no shield)
rNeg     . . .     Faith    .   b - +0 scale mail
rPois    .         Spirit   +   (no helmet)
rElec    .         Reflect  .   (no cloak)
rCorr    +         Harm     .   (no gloves)
MR       .....                  (no boots)
Stlth    +.........             h - amulet of inaccuracy (curse)
HPRegen  0.51/turn              a - ring of resist corrosion
MPRegen  0.12/turn              (no ring)

@: no status effects
A: fangs 2, regeneration 1, magic shield, antimagic bite, no potion heal 3, rot
immunity
a: no special abilities


You were on level 4 of the Dungeon.
You were hungry.

You visited 1 branch of the dungeon, and saw 5 of its levels.

You collected 224 gold pieces.

Inventory:

Armour
 b - a +0 scale mail (worn)
Jewellery
 a - a ring of resist corrosion (left hand)
 h - a cursed amulet of inaccuracy (around neck)
Wands
 n - a wand of flame (38)
Scrolls
 g - 3 scrolls of teleportation
 l - a scroll of blinking
Potions
 d - a potion of mutation
 e - a potion of haste
 f - 2 potions of curing
 i - a potion of degeneration {unknown}
 j - a potion of agility
Comestibles
 c - 12 rations


   Skills:
 + Level 2.9 Fighting
 - Level 1.5 Dodging
 - Level 2.4 Stealth
 * Level 7.1 Unarmed Combat
 - Level 2.1 Spellcasting
   Level 1.0 Conjurations
 - Level 3.0 Ice Magic


You had 9 spell levels left.
You knew the following spells:

 Your Spells              Type           Power        Failure   Level  Hunger
a - Freeze                Ice            ##..         32%         1    #......

Your spell library contained the following spells:

 Spells                   Type           Power        Failure   Level  Hunger
 Throw Frost              Conj/Ice       #.....       58%         2    ###....
 Summon Ice Beast         Ice/Summ       #.......     99%         4    #####..
 Ozocubu's Armour         Chrm/Ice       #.......     87%         3    ###....
 Throw Icicle             Conj/Ice       #.......     99%         4    #####..


Dungeon Overview and Level Annotations

Branches:
Dungeon (5/15)
 Temple: D:4-7

Altars:
Hepliaklqana
Sif Muna
Vehumet
Wu Jian

Annotations:
D:3 1 exclusion
D:5 2 runed doors


Innate Abilities, Weirdness & Mutations

You have extremely sharp teeth.
Your natural rate of healing is unusually fast.
When hurt, damage is shared between your health and your magic reserves.
Your bite disrupts and absorbs the magic of your enemies.
Potions cannot restore your health.
You are immune to rotting.


Message History

You barely miss the yak.
The yak is severely wounded.
The yak gores you.
You closely miss the yak.
The yak is severely wounded.
The yak gores you but does no damage.
You miss the yak. You bite the yak, but do no damage.
The yak is severely wounded.
The yak gores you!
You are too injured to fight recklessly!
You closely miss the yak. You bite the yak. You drain its power.
You feel invigorated.
The yak is severely wounded.
The yak gores you!
* * * LOW HITPOINT WARNING * * *
You are too injured to fight recklessly!
You hit the yak. Your bite misses the yak.
The yak is almost dead.
The yak gores you!
You die...

#######
#....##............
#..<..#
#.##.####..........
#.....###.##.#
#..........
#[....#...##.#
##.........
#.......####.#
##........ #......##
##.# ######..#.##
#.....## ##..#
#....#..#.## #.....##
#..## ##.#.(..#.##
#......###@##
#..........
#...<..Y##Y#
###.###..##
######...#.# #...#
##..# #...<.## #.###
##.. #...#..#####.#
#..
#...##..##...#######.#
#...###..............#
#...###....#...####...
#...##...#####.....#..


You could see a yak.

Vanquished Creatures
  A sky beast (D:5)
  A phantom (D:4)
  A centaur (D:5)
  A bullfrog zombie (D:5)
  2 hounds (D:4)
  An orc wizard (D:3)
  A centaur skeleton (D:4)
  2 worker ants (D:5)
  2 hound skeletons
  8 adders
  2 worms
  3 dart slugs
  2 leopard geckos
  7 orcs
  3 ball pythons
  8 bats
  5 giant cockroaches
  6 goblins
  10 hobgoblins
  21 jackals
  5 kobolds
  2 quokkas
  9 frilled lizards
  9 rats
112 creatures vanquished.

Notes
Turn   | Place    | Note
-------+----------+-------------------------------------------
     0 | D:1      | inmateoo the Vine Stalker Ice Elementalist began the quest for the Orb.
     0 | D:1      | Reached XP level 1. HP: 9/9 MP: 4/4
     6 | D:1      | Noticed a komodo dragon
     6 | D:1      | Noticed a polar bear
     6 | D:1      | Noticed a water moccasin
     6 | D:1      | Noticed a worker ant
   128 | D:1      | Reached skill level 1 in Unarmed Combat
   426 | D:1      | Reached XP level 2. HP: 9/13 MP: 6/6
   715 | D:1      | Reached skill level 2 in Unarmed Combat
   810 | D:1      | Reached XP level 3. HP: 9/16 MP: 5/7
  1160 | D:1      | Reached skill level 3 in Unarmed Combat
  1910 | D:2      | Gained mutation: Your natural rate of healing is unusually fast. [Vine Stalker growth]
  1910 | D:2      | Reached XP level 4. HP: 19/21 MP: 8/8
  2142 | D:2      | Found a deep blue altar of Sif Muna.
  2358 | D:2      | Found a hazy altar of Hepliaklqana.
  2388 | D:2      | Reached skill level 4 in Unarmed Combat
  2509 | D:2      | Found a faded altar of an unknown god.
  2821 | D:3      | Reached XP level 5. HP: 24/24 MP: 9/9
  3111 | D:3      | Reached skill level 5 in Unarmed Combat
  3520 | D:4      | Reached XP level 6. HP: 22/29 MP: 7/10
  3634 | D:4      | Reached skill level 1 in Fighting
  3753 | D:4      | Noticed a phantom
  3820 | D:4      | Killed a phantom
  3820 | D:4      | Reached skill level 6 in Unarmed Combat
  3946 | D:4      | Found an ornate altar of the Wu Jian Council.
  4063 | D:5      | Entered Level 5 of the Dungeon
  4066 | D:5      | Found a radiant altar of Vehumet.
  4101 | D:5      | Noticed a sky beast
  4136 | D:5      | Killed a sky beast
  4136 | D:5      | Reached XP level 7. HP: 19/35 MP: 6/11
  4284 | D:5      | HP: 1/35 [centaur/arrow (4)]
  4438 | D:5      | Reached skill level 7 in Unarmed Combat
  4454 | D:5      | Found the +9 staff of Olgreb {rPois}
  4456 | D:5      | Found a runed door.
  4461 | D:5      | Noticed a soldier ant
  4461 | D:5      | Noticed a yak
  4461 | D:5      | Noticed a yak
  4463 | D:5      | Noticed a yak
  4468 | D:5      | Found a runed gate.
  4578 | D:4      | Slain by a yak

Vault maps used:
D:1:      onia_arrival_zoo_common, serial_forest, infiniplex_forest_end_2,
          infiniplex_forest_straight_1, infiniplex_forest_zigzag_2,
          infiniplex_forest_corner_2, infiniplex_forest_straight_4,
          infiniplex_forest_clump_curved, infiniplex_forest_clump_small
D:2:      lemuel_crystal_altar, old_standard_altar, first_ration,
          chequers_ecumenical_altar_simple_redux
D:4:      lemuel_doored_altar
D:5:      vehumet_altar_wand_db, minmay_guarded_unrand_staff_of_olgreb

Skill      XL: |  1  2  3  4  5  6  7 |
---------------+----------------------+-----
Unarmed Combat | 1 2 3 4 5 6 7 |  7.1
Fighting       | 2 |  2.9
Dodging        | |  1.5
Stealth        | |  2.4
Spellcasting   | |  2.1
Conjurations   | |  1.0
Ice Magic      | |  3.0

Action                   |  1- 3 |  4- 6 |  7- 9 || total
-------------------------+-------+-------+-------++-------
Melee: Unarmed           |   179 |   406 |    80 ||   665
       Bite              |    35 |    68 |    26 ||   129
       Punch             |     2 |     3 |     4 ||     9
 Cast: Freeze            |    13 |       |       ||    13
  Use: Scroll            |     3 |     7 |     3 ||    13
       Potion            |       |       |     1 ||     1
  Eat: Chunk             |     1 |     7 |     1 ||     9
       Ration            |     1 |       |       ||     1
Armor: Scale mail        |   111 |   197 |    21 ||   329
Dodge: Dodged            |   106 |   196 |    40 ||   342

Table legend:
 A = Spawn XP
 B = Non-spawn XP
 C = Spawn XP percentage of total XP
 D = Spawn monster count
 E = Non-spawn monster count
 F = Spawn count percentage of total count
 G = Total turns spent on level
                    A         B        C        D         E        F      G
               +---------+---------+-------+---------+---------+-------+---------
         Total |       0 |     969 |   0.0 |       0 |     112 |   0.0 |  4578
               +---------+---------+-------+---------+---------+-------+---------
           D:1 |       0 |      78 |   0.0 |       0 |      42 |   0.0 |  1870
           D:2 |       0 |      99 |   0.0 |       0 |      30 |   0.0 |   982
           D:3 |       0 |     117 |   0.0 |       0 |      16 |   0.0 |   603
           D:4 |       0 |     283 |   0.0 |       0 |      14 |   0.0 |   832
           D:5 |       0 |     392 |   0.0 |       0 |      10 |   0.0 |   291
               +---------+---------+-------+---------+---------+-------+---------
